 Dungeon Crawl Stone Soup version 0.28.0 (webtiles) character file.

Game seed: 3961661521126122220

21 lonewolfV2 the Ducker (level 2, 0/16 HPs)
             Began as a Spriggan Fighter on Feb 10, 2022.
             Succumbed to an adder's poison
             ... on level 2 of the Dungeon.
             The game lasted 00:01:49 (1958 turns).

lonewolfV2 the Ducker (Spriggan Fighter)            Turns: 1958, Time: 00:01:49

Health: 0/16       AC:  2    Str: 12    XL:     2   Next: 62%
Magic:  3/3        EV: 17    Int:  9    God:
Gold:   35         SH:  6    Dex: 14    Spells: 1/1 levels left

rFire   . . .      SeeInvis +   a - +0 war axe
rCold   . . .      Faith    .   c - +0 buckler
rNeg    . . .      Spirit   .   b - +0 robe
rPois   .          Reflect  .   (helmet restricted)
rElec   .          Harm     .   (no cloak)
rCorr   .          Rampage  .   (gloves unavailable)
Will    .....                   (boots unavailable)
Stlth   +.........              (no amulet)
HPRegen 0.05/turn               (no ring)
MPRegen 0.08/turn               (no ring)

@: mighty, brilliant, lethally poisoned (0 -> -4), very quick
A: very small, no large weapons, unfitting armour, see invisible, speed 3
a: no special abilities


You were on level 2 of the Dungeon.
You visited 1 branch of the dungeon, and saw 2 of its levels.

You collected 35 gold pieces.

Inventory:

Hand Weapons
 a - a +0 war axe (weapon)
Armour
 b - a +0 robe (worn)
 c - a +0 buckler (worn)
Potions
 e - a potion of degeneration


   Skills:
 + Level 2.5 Fighting
 + Level 1.7 Axes
 + Level 4.7 Dodging
 + Level 2.4 Shields


You had one spell level left.
You didn't know any spells.
Your spell library was empty.

Dungeon Overview and Level Annotations

Branches:
Dungeon (2/15)

Altars:


Innate Abilities, Weirdness & Mutations

You are very small and have problems with some larger weapons.
You are too small for most types of armour.
You have supernaturally acute eyesight. (SInv)
You cover ground extremely quickly. (Speed+++)


Message History

A bat comes into view.
Found a stone staircase leading down.
The adder hisses angrily.
A rat comes into view.
The bat misses you. The adder bites you.
You closely miss the bat. You hit the adder. The bat hits you.
The bat closely misses you. The adder barely misses you.
The bat hits you but does no damage. The adder closely misses you.
You barely miss the bat. You barely miss the adder.
The bat hits you but does no damage. The bat misses you.
The bat barely misses you. The adder closely misses you. The adder bites you.
You are poisoned.
The adder poisons you! The bat closely misses you.
You closely miss the bat. You hit the rat.
You kill the rat!
You hit the adder.
You feel sick. You block the bat's attack. The bat closely misses you.
The adder completely misses you. The adder barely misses you.
You feel sick. The bat misses you. You block the adder's attack.
The adder closely misses you.
You barely miss the adder.
The adder is moderately wounded.
You feel sick.
You are no longer poisoned.
You block the bat's attack. The adder closely misses you.
The bat completely misses you. The adder bites you.
* * * LOW HITPOINT WARNING * * *
You barely miss the adder.
The adder is moderately wounded.
You completely miss the bat. The bat hits you but does no damage.
The adder bites you.
* * * LOW HITPOINT WARNING * * *
You are lethally poisoned!
The adder poisons you! The adder barely misses you. The bat misses you.
It was a potion of brilliance.
You feel clever all of a sudden.
* * * LOW HITPOINT WARNING * * *
You feel sick. The bat closely misses you. The adder barely misses you.
You feel very mighty all of a sudden.
You die...

##.#........# #.
#...#####.## ... #...#
### #### ### #...#
.#... #...# ####....#
#...#### ##.#......
#####...##.###.>.......
..........#.......####.
.........###..S@..b....
#
..........#.......####.
# #####...##.###....# #
#...#### ##.#... #
#...# ###.### # #...#
.# #...# .# ####


You could see an adder and a bat.

Vanquished Creatures
  A dart slug (D:1)
  3 bats (D:1)
  2 endoplasms (D:1)
  A goblin (D:1)
  3 hobgoblins
  2 quokkas (D:1)
  A ball python (D:1)
  2 kobolds
  3 rats
18 creatures vanquished.

Notes
Turn   | Place    | Note
-------+----------+-------------------------------------------
     0 | D:1      | lonewolfV2 the Spriggan Fighter began the quest for the
                  | Orb.
     0 | D:1      | Reached XP level 1. HP: 11/11 MP: 2/2
    13 | D:1      | Noticed a demonspawn zombie
    13 | D:1      | Noticed a merfolk zombie
    17 | D:1      | Noticed a merfolk zombie
   595 | D:1      | Reached XP level 2. HP: 3/16 MP: 3/3
  1576 | D:1      | You fall into a shaft and drop 1 floor!
  1958 | D:2      | Succumbed to an adder's poison

Illustrated notes

Levels and vault maps discovered:
D:1:      shiori_arrival_whats_in_store_for_you, layout_basic
D:2:      layout_loops_cross, minivault_4, chequers_decorated_corner

Action                   || total
-------------------------++-------
Melee: War axe           ||    55
  Use: Potion            ||     2
       Scroll            ||     1
Armor: Robe              ||    14
Dodge: Dodged            ||    73
Block: Buckler           ||    27
